 Dungeon Crawl Stone Soup version 0.29-a0-284-gf9362112df (webtiles) character file.

Game seed: 17814815437481033594

422 epen the Archer (level 6, 0/51 HPs)
             Began as a Gnoll Hunter on Mar 15, 2022.
             Was an Initiate of Qazlal.
             Slain by an unseen horror (2 damage)
             ... on level 5 of the Dungeon.
             The game lasted 00:04:54 (3915 turns).

epen the Archer (Gnoll Hunter)                      Turns: 3915, Time: 00:04:55

Health: 0/51       AC:  4    Str: 10    XL:     6   Next: 95%
Magic:  9/9        EV: 14    Int:  9    God:    Qazlal [......]
Gold:   217        SH:  0    Dex: 17    Spells: 9/9 levels left

rFire   . . .      SeeInvis .   i - +2 dagger (speed)
rCold   . . .      Faith    .   (no shield)
rNeg    . . .      Spirit   .   b - +0 leather armour
rPois   .          Reflect  .   o - +0 helmet
rElec   .          Harm     .   (no cloak)
rCorr   .          Rampage  .   (no gloves)
Will    .....                   (no boots)
Stlth   ++........              (no amulet)
HPRegen 0.17/turn               (no ring)
MPRegen 0.11/turn               (no ring)

@: no status effects
A: fangs 1, strong nose, distributed training
a: Renounce Religion


You were on level 5 of the Dungeon.
You worshipped Qazlal.
Qazlal was noncommittal.
You visited 2 branches of the dungeon, and saw 6 of its levels.

You collected 217 gold pieces.

Inventory:

Hand Weapons
 a - a +1 shortbow
 i - a +2 dagger of speed (weapon)
Armour
 b - a +0 leather armour (worn)
 o - a +0 helmet (worn)
Jewellery
 n - an amulet of guardian spirit
Wands
 p - a wand of digging (8)
 r - a wand of acid (13)
Scrolls
 c - a scroll of immolation
 e - a scroll of enchant armour {unknown}
 f - a scroll of torment {unknown}
 g - 2 scrolls of enchant weapon {unknown}
 h - 4 scrolls of identify {unknown}
 j - a scroll of noise {unknown}
 l - a scroll of teleportation {unknown}
 m - a scroll of blinking {unknown}
 q - a scroll of acquirement {unknown}
 s - a scroll of holy word {unknown}
Potions
 d - a potion of flight {unknown}
 k - 2 potions of attraction
 t - a potion of curing {unknown}


   Skills:
 + Level 5.1 Fighting
 + Level 2.1 Short Blades
 + Level 2.1 Long Blades
 + Level 2.1 Axes
 + Level 2.1 Maces & Flails
 + Level 2.1 Polearms
 + Level 2.1 Staves
 + Level 2.1 Slings
 + Level 8.8 Bows
 + Level 2.1 Crossbows
 + Level 2.1 Throwing
 + Level 2.1 Armour
 + Level 5.1 Dodging
 + Level 3.2 Stealth
 + Level 2.1 Shields
 + Level 2.1 Unarmed Combat
 + Level 2.1 Spellcasting
 + Level 1.7 Conjurations
 + Level 1.7 Hexes
 + Level 1.7 Summonings
 + Level 1.7 Necromancy
 + Level 1.7 Translocations
 + Level 1.7 Transmutations
 + Level 1.7 Fire Magic
 + Level 1.7 Ice Magic
 + Level 1.7 Air Magic
 + Level 1.7 Earth Magic
 + Level 1.7 Poison Magic
 + Level 2.4 Invocations
 + Level 2.1 Evocations


You had 9 spell levels left.
You didn't know any spells.
Your spell library contained the following spells:

 Spells                   Type           Power      Damage    Failure   Level
 Slow                     Hex            16%        N/A       22%         1
 Confusing Touch          Hex            4%         N/A       54%         3
 Vampiric Draining        Necr           4%         2d6       54%         3


Dungeon Overview and Level Annotations

Branches:
Dungeon (5/15)             Temple (1/1) D:4

Altars:
Ashenzari
Dithmenos
Elyvilon
Fedhas
Gozag
Hepliaklqana
Kikubaaqudgha
Makhleb
Okawaru
Qazlal
Ru
Sif Muna
Trog
Vehumet
Wu Jian
Xom
Yredelemnul
Zin

Shops:
D:3 :


Innate Abilities, Weirdness & Mutations

You have very sharp teeth.
Your uncanny sense of smell can sniff out nearby items.
Your experience applies equally to all skills.


Message History

Qazlal accepts your kill.
No target in view!
Things that are here:
a +0 giant club; a +0 long sword; an ogre corpse A dart slug comes into view.
A dart slug is nearby!
You shoot an arrow. The arrow hits the dart slug!
You kill the dart slug!
Qazlal accepts your kill.
No target in view!
No target in view!
Found a stone staircase leading down.
There is a strange disturbance nearby!
No target in view!
Something hits you.
Deactivating autopickup; reactivate with Ctrl-A.
Something hits you.
Your hands tingle!
i - a +2 dagger of speed (weapon)
You swing at nothing.
Something hits you.
You barely miss something. Something hits you. Something hits you!
You hit something. Something hits you!
You hit something but do no damage. Something hits you.
You swing at nothing.
You swing at nothing.
You barely miss something. Something hits you. x2
* * * LOW HITPOINT WARNING * * *
You hit something. Something hits you but does no damage.
You swing at nothing.
You swing at nothing.
You hit something but do no damage. Something hits you but does no damage.
You swing at nothing.
You swing at nothing.
Something barely misses you.
You hit something. Something hits you.
* * * LOW HITPOINT WARNING * * *
Something hits you!
* * * LOW HITPOINT WARNING * * *
You hit something. Your bite misses something. You miss something.
Something hits you.
You die...

..# #...........# ..#
#......#..#.######...
..#####..##..#..#..........
................###.##.#...
...#.....#..###.# #.##.### .
...#........# #.###......#..
.).....#.....##.....#.......
...###.#.....#####..#.......
...# #...>......@...#.......
...# #........#####.##.†.#..
..## ##.####### #.........
### .. ............... ...
.....##........ ∆ ....#
#........ .>.. ......... ...
#........ .. .........


There were no monsters in sight!

Vanquished Creatures
  Sigmund (D:3)
  An ogre (D:5)
  An orc priest (D:4)
  An orc wizard (D:4)
  5 adders
  3 worms
  4 dart slugs
  9 orcs (D:4)
  2 ball pythons (D:2)
  6 endoplasms
  4 giant cockroaches
  3 goblins
  4 hobgoblins
  4 jackals (D:5)
  3 quokkas
  5 bats
  A frilled lizard (D:1)
  5 rats
  A spectral kobold (D:1)
63 creatures vanquished.

Notes
Turn   | Place    | Note
-------+----------+-------------------------------------------
     0 | D:1      | epen the Gnoll Hunter began the quest for the Orb.
     0 | D:1      | Reached XP level 1. HP: 20/20 MP: 1/1
   163 | D:1      | Reached XP level 2. HP: 26/26 MP: 2/2
   245 | D:1      | Found a faded altar of an unknown god.
   787 | D:2      | Reached XP level 3. HP: 25/31 MP: 3/3
   896 | D:2      | Reached skill level 1 in Invocations
  1252 | D:2      | Reached skill level 1 in Short Blades
  1252 | D:2      | Reached skill level 1 in Long Blades
  1252 | D:2      | Reached skill level 1 in Axes
  1252 | D:2      | Reached skill level 1 in Maces & Flails
  1252 | D:2      | Reached skill level 1 in Polearms
  1252 | D:2      | Reached skill level 1 in Staves
  1252 | D:2      | Reached skill level 1 in Slings
  1252 | D:2      | Reached skill level 1 in Crossbows
  1252 | D:2      | Reached skill level 1 in Throwing
  1252 | D:2      | Reached skill level 1 in Armour
  1252 | D:2      | Reached skill level 1 in Shields
  1252 | D:2      | Reached skill level 1 in Unarmed Combat
  1252 | D:2      | Reached skill level 1 in Spellcasting
  1252 | D:2      | Reached skill level 1 in Evocations
  1412 | D:3      | Reached XP level 4. HP: 38/38 MP: 5/5
  1718 | D:3      | Noticed Sigmund
  1743 | D:3      | Killed Sigmund
  1744 | D:3      | Reached skill level 1 in Conjurations
  1744 | D:3      | Reached skill level 1 in Hexes
  1744 | D:3      | Reached skill level 1 in Summonings
  1744 | D:3      | Reached skill level 1 in Necromancy
  1744 | D:3      | Reached skill level 1 in Translocations
  1744 | D:3      | Reached skill level 1 in Transmutations
  1744 | D:3      | Reached skill level 1 in Fire Magic
  1744 | D:3      | Reached skill level 1 in Ice Magic
  1744 | D:3      | Reached skill level 1 in Air Magic
  1744 | D:3      | Reached skill level 1 in Earth Magic
  1744 | D:3      | Reached skill level 1 in Poison Magic
  1744 | D:3      | Reached XP level 5. HP: 31/43 MP: 5/7
  2045 | D:3      | Found an opulent altar of Gozag.
  2063 | D:3      | Found Veczaaxu's Book Emporium.
  2377 | D:3      | Identified the +4 ring mail "Yweinn" {Will+ rCorr Dex-3}
  2408 | D:3      | Reached XP level 6. HP: 50/50 MP: 8/8
  2826 | D:4      | Found a sacrificial altar of Ru.
  2876 | D:4      | Reached skill level 5 in Fighting
  2876 | D:4      | Reached skill level 5 in Dodging
  3054 | D:4      | Found a staircase to the Ecumenical Temple.
  3095 | Temple   | Entered the Ecumenical Temple
  3193 | Temple   | Became a worshipper of Qazlal Stormbringer
  3658 | D:5      | Entered Level 5 of the Dungeon
  3913 | D:5      | HP: 1/51 [something (9)]
  3915 | D:5      | Slain by an unseen horror

Illustrated notes

Levels and vault maps discovered:
D:1:      minmay_arrival_loop, layout_loops_ring,
          dreamdust_ecumenical_altar_drowned_temple, minmay_stone_trees_small
D:2:      layout_rooms, lightli_corner_chamber
D:3:      layout_basic, nicolae_gozag_cash_rules_everything_around_me,
          serial_shops, nicolae_shop_temple_entry_statues_fountains,
          uniq_sigmund
D:4:      layout_cave_pods, hangedman_ru_absence, minmay_temple_entry_wispy
D:5:      layout_basic, kennysheep_nondescript, st_stairs_4
Temple:   compressed_dpeg_circular_temple

Skill      XL: |  1  2  3  4  5  6 |
---------------+-------------------+-----
Invocations    | 1 2 |  2.4
Short Blades   | 1 2 |  2.1
Long Blades    | 1 2 |  2.1
Axes           | 1 2 |  2.1
Maces & Flails | 1 2 |  2.1
Polearms       | 1 2 |  2.1
Staves         | 1 2 |  2.1
Slings         | 1 2 |  2.1
Crossbows      | 1 2 |  2.1
Throwing       | 1 2 |  2.1
Armour         | 1 2 |  2.1
Shields        | 1 2 |  2.1
Unarmed Combat | 1 2 |  2.1
Spellcasting   | 1 2 |  2.1
Evocations     | 1 2 |  2.1
Conjurations   | 1 |  1.7
Hexes          | 1 |  1.7
Summonings     | 1 |  1.7
Necromancy     | 1 |  1.7
Translocations | 1 |  1.7
Transmutations | 1 |  1.7
Fire Magic     | 1 |  1.7
Ice Magic      | 1 |  1.7
Air Magic      | 1 |  1.7
Earth Magic    | 1 |  1.7
Poison Magic   | 1 |  1.7
Stealth        | 3 |  3.2
Fighting       | 5 |  5.1
Dodging        | 5 |  5.1
Bows           | |  8.8

Action                   |  1- 3 |  4- 6 || total
-------------------------+-------+-------++-------
Melee: Unarmed           |       |     6 ||     6
       Dagger            |       |    19 ||    19
       Bite              |       |     1 ||     1
 Fire: Shortbow          |    65 |    93 ||   158
  Use: Potion            |       |     5 ||     5
       Scroll            |       |     1 ||     1
Armor: Leather armour    |     1 |    20 ||    21
       Skin              |       |     9 ||     9
Dodge: Dodged            |     9 |    32 ||    41

Table legend: (Time is in decaauts)
 A = Elapsed time spent in this place.
 B = Non-inter-level travel time spent in this place.
 C = Inter-level travel time spent in this place.
 D = Time resting spent in this place.
 E = Time spent auto-exploring this place.
 F = Levels seen in this place.
 G = Mean time per level.
                   A        B        C        D        E       F      G
               +--------+--------+--------+--------+--------+-----+--------+
         Total |   3927 |   3806 |    121 |    277 |   3071 |   6 |  654.5 |
       Dungeon |   3817 |   3706 |    111 |    277 |   3017 |   5 |  763.4 |
        Temple |    109 |     99 |     10 |      0 |     54 |   1 |  109.0 |
               +--------+--------+--------+--------+--------+-----+--------+

Top non-repeatable levels by time:
     D:3: 1108 daAuts
     D:4: 1054 daAuts
     D:2: 703 daAuts
     D:1: 698 daAuts
     D:5: 253 daAuts
  Temple: 109 daAuts
